 Dungeon Crawl Stone Soup version 0.19-a0-811-gf4045fb (webtiles) character file.

3650 4thArraOfDagon the Cruncher (level 9, -13/77 HPs)
             Began as a Centaur Air Elementalist on June 28, 2016.
             Was a Believer of Okawaru.
             Mangled by an orc warrior
             ... wielding a +0 battleaxe
              (34 damage)
             ... on level 8 of the Dungeon.
             The game lasted 00:28:44 (5414 turns).

4thArraOfDagon the Cruncher (CeAE)                  Turns: 5414, Time: 00:28:46

Health: -13/77     AC:  9    Str: 11    XL:     9   Next: 88%
Magic:  12/12      EV:  9    Int: 17    God:    Okawaru [**....]
Gold:   349        SH:  0    Dex: 14    Spells: 3 memorised, 7 levels left

rFire  . . .     SeeInvis .     t - +4 quarterstaff (chaos)
rCold  . . .     Gourm    .     p - +2 leather armour of the Worm {rElec Dex+4}
rNeg   . . .     Faith    .     (shield currently unavailable)
rPois  .         Spirit   .     (no helmet)
rElec  +         Dismiss  .     u - +0 cloak
rCorr  .         Reflect  .     m - +0 pair of gloves
SustAt +         Harm     .     (no barding)
MR     .....                    z - amulet of magic regeneration
Stlth  +.........               (no ring)
                                F - ring of sustain attributes

@: repel missiles, very quick, not resistant to hostile enchantments, very
unstealthy
A: hooves 3, deformed body, speed 2, tough skin 3
a: Heroism, Renounce Religion


You were on level 8 of the Dungeon.
You worshipped Okawaru.
Okawaru was pleased with you.
You were very full.

You visited 2 branches of the dungeon, and saw 10 of its levels.

You collected 349 gold pieces.

Inventory:

Hand Weapons
 h - a +0 trident
 t - a +4 quarterstaff of chaos (weapon)
 I - a +1 falchion of flaming
Armour
 m - a +0 pair of gloves (worn)
 p - the +2 leather armour of the Worm (worn) {rElec Dex+4}
   (You found it on level 6 of the Dungeon)

   It affects your dexterity (+4).
   It insulates you from electricity.
 u - a +0 cloak (worn)
 y - a +2 plate armour of fire resistance
Jewellery
 k - an uncursed ring of fire
 z - an amulet of magic regeneration (around neck)
 F - a ring of sustain attributes (left hand)
Wands
 o - a wand of paralysis (2/24)
 s - a wand of acid (0/15)
 J - a wand of iceblast (9/15)
Scrolls
 d - 3 scrolls of enchant armour {unknown}
 g - 2 scrolls of recharging {unknown}
 i - 2 scrolls of teleportation
 l - 2 scrolls of noise
 n - 2 scrolls of remove curse {unknown}
 q - a scroll of random uselessness {unknown}
 w - a scroll of fear {unknown}
 A - a scroll of fog {unknown}
 B - 2 scrolls of immolation {unknown}
 E - a scroll of blinking {unknown}
 K - a scroll of magic mapping
Potions
 a - 2 potions of brilliance {unknown}
 e - a potion of agility {unknown}
 f - 4 potions of curing
 v - 2 potions of heal wounds {unknown}
 C - a potion of degeneration
 D - a potion of magic {unknown}
 H - 2 potions of cure mutation {unknown}
Books
 b - a book of Air

   Spells                             Type                      Level
   a - Shock                          Conjuration/Air              1
   b - Swiftness                      Charms/Air                   2
   c - Repel Missiles                 Charms/Air                   2
   d - Static Discharge               Conjuration/Air              3
   e - Lightning Bolt                 Conjuration/Air              5
 r - a book of Callings

   Spells                             Type                      Level
   a - Summon Small Mammal            Summoning                    1
   b - Call Imp                       Summoning                    2
   c - Call Canine Familiar           Summoning                    3
   d - Summon Guardian Golem          Hexes/Summoning              3
   e - Summon Lightning Spire         Summoning/Air                4
   f - Summon Ice Beast               Ice/Summoning                4
Comestibles
 c - 5 bread rations
 j - 5 meat rations
 x - 6 slices of pizza


   Skills:
 + Level 6.3 Fighting
 * Level 8.5 Staves
 + Level 3.7 Armour
 - Level 1.3 Dodging
 - Level 1.2 Stealth
 - Level 2.1 Spellcasting
 - Level 2.6 Conjurations
 - Level 4.2 Air Magic
 + Level 4.5 Invocations


You had 7 spell levels left.
You knew the following spells:

 Your Spells              Type           Power        Failure   Level  Hunger
a - Shock                 Conj/Air       ##..         8%          1    #......
b - Repel Missiles        Chrm/Air       #.....       17%         2    ###....
c - Swiftness             Chrm/Air       #.......     17%         2    ###....


Dungeon Overview and Level Annotations

Branches:
Dungeon (9/15)             Temple (1/1) D:4
   Lair: D:8-11         Orc: D:9-12

Altars:
Dithmenos
Elyvilon
Fedhas
Gozag
Hepliaklqana
Okawaru
Ru
Uskayaw
Zin

Annotations:
D:1 1 exclusion
D:4 Shenda's ghost, amateur MfIE


Innate Abilities, Weirdness & Mutations

You have hooves in place of feet.
Armour fits poorly on your strangely shaped body.
You cover ground very quickly.
You have extremely tough skin. (AC +3)


Message History

Unknown command.
Unknown command.
You hear a shout!
Unknown command.
Unknown command.
Unknown command.
Unknown command.
Unknown command.
Unknown command.
Unknown command.
Unknown command.
Okay, then.
Throwing (i - inventory):
G - a throwing net (quivered)
Press: ? - help, Shift-Dir - straight line, f - orc warrior
Aim: an orc warrior, wielding a battleaxe and wearing a plate armour (severely wounded, berserk, fast, unusually strong, poisoned)
You throw a throwing net.
The throwing net completely misses the orc warrior.
The orc warrior looks more healthy.
The orc warrior hits you with a battleaxe!!
You die...

#..##..##..............####
.......................)).#
#..##..##..#...###..#####.#
#......##..........>...##.#
#...................##.##.#
.......##..#..#####.# ##.#
...#..........# #.# .##.#
..............#####.##.##.#
...#....#..#....@......##.#
................o##..#.##.#####
................(....#........#
.#......#.....#####..#.##.#######
.#......#.....# #.<............
.#......#.....# #............##
..............#####...###.####.#
......................###.# #.#
)).....##.................# #.#


You could see an orc warrior (berserk).

Vanquished Creatures
  A hydra (D:8)
  The ghost of PhazeDK the Carver, a novice HESk of Ashenzari (D:7)
  2 yaks (D:8)
  2 steam dragons
  2 ice beasts
  An orc warrior (D:8)
  2 phantoms (D:8)
  An ogre (D:8)
  A centaur (D:5)
  2 giant frogs
  3 big kobolds (D:8)
  2 scorpions
  A wasp zombie (D:8)
  A crimson imp (D:5)
  3 centaur zombies
  A quasit (D:8)
  2 jellies
  A hound (D:8)
  2 orc priests
  Crazy Yiuf (D:5)
  2 iguanas
  6 orc wizards
  5 worker ants
  2 sheep (D:8)
  A killer bee zombie (D:8)
  A hound zombie (D:6)
  5 adders
  2 adder zombies
  An adder skeleton (D:7)
  4 worms
  3 dart slugs
  7 giant geckos
  22 orcs
  A giant cockroach (D:5)
  3 goblins
  5 hobgoblins (D:2)
  7 jackals
  3 quokkas
  A ball python (D:4)
  3 bats
  A giant gecko skeleton (D:4)
  5 giant newts
  3 kobolds
  5 rats
130 creatures vanquished.

Vanquished Creatures (collateral kills)
  The ghost of Amnesiac the Magician, a weakling DEWz (D:6)
1 creature vanquished.

Vanquished Creatures (others)
  3 fungi (D:5)
3 creatures vanquished.

Grand Total: 134 creatures vanquished

Notes
Turn   | Place    | Note
--------------------------------------------------------------
     0 | D:1      | 4thArraOfDagon the Centaur Air Elementalist began the quest for the Orb.
     0 | D:1      | Reached XP level 1. HP: 14/14 MP: 3/3
    46 | D:1      | Reached skill level 1 in Conjurations
   287 | D:2      | Reached XP level 2. HP: 12/20 MP: 2/4
   370 | D:2      | Learned a level 2 spell: Repel Missiles
   599 | D:4      | Reached XP level 3. HP: 20/26 MP: 0/5
   652 | D:4      | Noticed Shenda's ghost (amateur MfIE)
   659 | D:5      | Entered Level 5 of the Dungeon
   953 | D:5      | Reached XP level 4. HP: 22/33 MP: 2/7
   957 | D:5      | Learned a level 2 spell: Swiftness
  1145 | D:5      | Noticed a steam dragon
  1172 | D:6      | Got a heavily runed leather armour
  1183 | D:6      | Identified the +2 leather armour of the Worm {rElec Dex+4} (You found it on level 6 of the Dungeon)
  1194 | D:6      | Noticed Amnesiac's ghost (weakling DEWz)
  1595 | D:5      | Noticed an ice beast
  1641 | D:5      | Found a runed door.
  1645 | D:5      | Noticed Crazy Yiuf
  1668 | D:5      | Killed Crazy Yiuf
  1668 | D:5      | Reached XP level 5. HP: 15/38 MP: 4/8
  1761 | D:5      | Killed an ice beast
  1761 | D:5      | Reached skill level 1 in Fighting
  1761 | D:5      | Reached skill level 1 in Staves
  1799 | D:5      | Noticed a centaur
  1813 | D:5      | Killed a centaur
  1813 | D:5      | Reached skill level 2 in Staves
  1813 | D:5      | Reached XP level 6. HP: 14/48 MP: 6/9
  2081 | D:6      | Reached skill level 3 in Staves
  2145 | D:6      | Found a white marble altar of Elyvilon.
  2235 | D:7      | Noticed PhazeDK's ghost (novice HESk)
  2318 | D:7      | Reached XP level 7. HP: 44/56 MP: 10/10
  2504 | D:7      | Killed PhazeDK's ghost
  2504 | D:7      | Reached skill level 5 in Staves
  2544 | D:7      | Reached XP level 8. HP: 66/66 MP: 11/11
  2692 | D:6      | Killed Amnesiac's ghost
  2841 | D:5      | Reached skill level 6 in Staves
  2841 | D:5      | Reached skill level 1 in Armour
  3252 | D:4      | Found a staircase to the Ecumenical Temple.
  3257 | Temple   | Entered the Ecumenical Temple
  3262 | Temple   | Became a worshipper of Warmaster Okawaru
  3458 | D:4      | Reached skill level 1 in Invocations
  4320 | D:6      | Reached skill level 5 in Fighting
  4537 | D:8      | Reached skill level 7 in Staves
  4540 | D:8      | Reached * piety under Okawaru
  4615 | D:8      | Reached XP level 9. HP: 64/74 MP: 12/12
  4628 | D:8      | Found an opulent altar of Gozag.
  4628 | D:8      | Found a shadowy altar of Dithmenos.
  4652 | D:8      | Found a sacrificial altar of Ru.
  4657 | D:8      | Found a hide-covered altar of Uskayaw.
  4672 | D:8      | Found a hazy altar of Hepliaklqana.
  5039 | D:8      | Reached ** piety under Okawaru
  5172 | D:8      | Noticed a three-headed hydra
  5177 | D:8      | Killed a one-headed hydra
  5177 | D:8      | Reached skill level 8 in Staves
  5414 | D:8      | Mangled by an orc warrior

Vault maps used:
D:1:      dpeg_arrival_signposts
D:5:      kennysheep_steamy, first_bread, uniq_crazy_yiuf_cottage
D:6:      marbit_many_paths
D:8:      gammafunk_temple_overflow_wave, grunt_temple_overflow_open,
          david_lair_shrubbed, hangedman_ranch
Temple:   kb_temple_of_zot

Skill      XL: |  1  2  3  4  5  6  7  8  9 |
---------------+----------------------------+-----
Conjurations   | 1 2 |  2.6
Air Magic      | 3 4 |  4.2
Spellcasting   | 2 |  2.1
Fighting       | 1 2 4 5 6 |  6.3
Staves         | 2 3 5 7 8 |  8.5
Armour         | 2 3 |  3.7
Invocations    | 2 4 |  4.5
Dodging        | |  1.3
Stealth        | |  1.2

Action                   |  1- 3 |  4- 6 |  7- 9 || total
-------------------------+-------+-------+-------++-------
Melee: Club              |    28 |       |       ||    28
       Kick              |     2 |    13 |    87 ||   102
       Trident           |     2 |    25 |       ||    27
       Quarterstaff      |       |    41 |   283 ||   324
       Falchion          |       |       |     4 ||     4
Throw: Throwing net      |       |       |     2 ||     2
 Cast: Shock             |    39 |    29 |    15 ||    83
       Repel Missiles    |     2 |       |     3 ||     5
Evoke: Wand              |       |     6 |    10 ||    16
  Use: Scroll            |     4 |     2 |     2 ||     8
       Potion            |       |       |     1 ||     1
 Stab: Paralysed         |       |    15 |    23 ||    38
       Petrifying        |       |       |     1 ||     1
       Held in net/web   |       |       |     1 ||     1
  Eat: Chunk             |     1 |     5 |     6 ||    12
       Beef jerky        |       |       |     1 ||     1
       Fruit             |       |       |    11 ||    11
Armor: Robe              |    17 |     6 |       ||    23
       Leather armour    |       |    23 |    84 ||   107
Dodge: Dodged            |    22 |    25 |    86 ||   133
       Deflected         |     1 |       |     7 ||     8
